WCHLSIM.com - West Coast Hockey League
html PUBLIC "-//W3C//DTD XHTML 1.0 Transitional//EN" "http://www.w3.org/TR/xhtml1/DTD/xhtml1-transitional.dtd"> WCHL - Game 994 - OKANAGAN RATTLESNAKES vs SASKATOON DUCKS

OKANAGAN RATTLESNAKES vs SASKATOON DUCKS

Created - 11 mars 2024 at 20:25

Goals
1 2 3 T
OKANAGAN RATTLESNAKES 0 1 0 1
SASKATOON DUCKS 0 1 2 3
Shots
1 2 3 T
OKANAGAN RATTLESNAKES 15 8 9 32
SASKATOON DUCKS 9 22 13 44

1st period

No Goal

Penalties :
Arber Xhekaj (OKA) for Holding (Minor) at 12:45

2nd period

1. SASKATOON DUCKS , Jake Guentzel 17 (Sidney Crosby 39, Jake Sanderson 41) at 0:30
2. OKANAGAN RATTLESNAKES , T.J. Oshie 24 (Jujhar Khaira 18, Anders Lee 30) at 14:55

Penalties :
Jeremy Lauzon (OKA) for Tripping (Minor) at 2:01, Jordie Benn (OKA) for Goalie Interference (Minor) at 7:51, Arber Xhekaj (OKA) for Holding (Minor) at 12:39

3rd period

3. SASKATOON DUCKS , Mathieu Joseph 16 (Jake Sanderson 42, John Tavares 29) at 2:48
4. SASKATOON DUCKS , Sidney Crosby 36 (Jake Guentzel 25, John Tavares 30) at 6:46 (PP)

Penalties :
Arber Xhekaj (OKA) for Diving (Minor) at 6:07, Kailer Yamamoto (SAS) for Hooking (Minor) at 19:33

Goalie Stats

James Reimer (OKA), 41 saves from 44 shots - (0,932), L, 20-31-6, 60:00 minutes
Tristan Jarry (SAS), 31 saves from 32 shots - (0,969), W, 28-19-5, 60:00 minutes

Players Stats for OKANAGAN RATTLESNAKES

Player Name              G  A  P  +/- PIM S  H  SB GA TA FO     MP     PP MP  PK MP  
------------------------------------------------------------------------------------
Adam Clendening          0  0  0   0  0   0  0  0  0  0  0/0    16:37   0:00   0:40 
Anders Lee               0  1  1   0  0   1  1  0  0  0  3/7    21:34   0:00   3:38 
Arber Xhekaj             0  0  0   1  6   1  4  0  0  0  0/0    16:13   0:00   1:09 
Blake Coleman            0  0  0   0  0   4  2  0  0  0  0/2    16:17   0:26   0:00 
Casey Cizikas            0  0  0   0  0   4  5  0  0  0  12/26  16:40   0:00   4:57 
Colton Parayko           0  0  0  -2  0   0  2  0  0  0  0/0    25:30   0:26   5:09 
Esa Lindell              0  0  0  -2  0   1  0  4  0  0  0/0    23:50   0:00   3:55 
Jeremy Lauzon            0  0  0   0  2   2  2  3  0  0  0/0    19:57   0:26   3:35 
Jordie Benn              0  0  0   1  2   0  1  0  0  0  0/0    17:48   0:00   2:42 
Jujhar Khaira            0  1  1   0  0   0  2  0  0  0  8/22   17:56   0:00   0:00 
Kevin Labanc             0  0  0   0  0   7  0  0  0  0  0/0    11:43   0:00   0:00 
Lars Eller               0  0  0   0  0   3  1  0  0  0  13/29  19:55   0:26   3:38 
Mike Hoffman             0  0  0   0  0   0  0  0  0  0  0/1    16:17   0:26   0:00 
Nazem Kadri              0  0  0  -1  0   0  0  0  0  0  0/0     5:29   0:00   0:00 
Oskar Sundqvist          0  0  0  -1  0   0  2  0  0  0  2/10   10:26   0:00   4:57 
Pierre-Edouard Bellemare 0  0  0  -1  0   0  0  0  0  0  0/0     5:29   0:00   0:00 
Stefan Noesen            0  0  0   0  0   2  0  0  0  0  0/2    11:43   0:00   0:00 
T.J. Oshie               1  0  1   0  0   7  1  0  0  0  1/2    17:56   0:00   0:00 

Players Stats for SASKATOON DUCKS

Player Name              G  A  P  +/- PIM S  H  SB GA TA FO     MP     PP MP  PK MP  
------------------------------------------------------------------------------------
Ben Chiarot              0  0  0   0  0   1  1  2  0  0  0/0    19:16   4:01   0:26 
Chris Tanev              0  0  0   0  0   1  0  1  0  0  0/0    19:16   4:01   0:26 
Ivan Barbashev           0  0  0   1  0   7  2  0  0  0  0/0    19:01   3:35   0:00 
Jake Guentzel            1  1  2   1  0   7  0  1  0  0  3/5    24:09   5:00   0:00 
Jake Sanderson           0  2  2   2  0   2  1  3  0  0  0/0    25:23   4:34   0:00 
Jaycob Megna             0  0  0  -1  0   0  2  1  0  0  0/0    15:21   0:00   0:00 
John Tavares             0  2  2   1  0   8  1  0  0  0  22/29  21:44   5:00   0:00 
Kailer Yamamoto          0  0  0  -1  2   3  2  0  0  0  0/3    15:05   0:00   0:00 
Kasperi Kapanen          0  0  0  -1  0   5  2  0  0  0  0/1    15:06   0:00   0:00 
Mathieu Joseph           1  0  1   1  0   6  1  0  0  0  0/2    20:45   3:35   0:26 
Matt Martin              0  0  0   0  0   0  0  0  0  0  0/0     3:43   0:00   0:00 
Milan Lucic              0  0  0   0  0   0  0  0  0  0  0/0     3:43   0:00   0:00 
Nikita Zaitsev           0  0  0  -1  0   0  3  0  0  0  0/0    15:21   0:00   0:00 
Nils Aman                0  0  0  -1  0   0  0  0  0  0  9/22   15:06   0:00   0:00 
Robert Hagg              0  0  0   0  0   0  0  0  0  0  0/0     0:00   0:00   0:00 
Ryan Strome              0  0  0   1  0   2  1  0  0  0  6/8    20:19   3:35   0:00 
Samuel Girard            0  0  0   2  0   0  0  0  0  0  0/0    25:23   4:34   0:00 
Sidney Crosby            1  1  2   1  0   2  2  1  0  0  22/31  20:52   5:00   0:26 

3 Stars

1 - Sidney Crosby (SAS)
2 - Tristan Jarry (SAS)
3 - Jake Guentzel (SAS)

Power Play

OKANAGAN RATTLESNAKES - 0 on 1 Attempt(s) - 0,00%
SASKATOON DUCKS - 1 on 5 Attempt(s) - 20,00%

Penalty Kill

OKANAGAN RATTLESNAKES - 4 on 5 Attempt(s) - 80,00% - Score 0 goal in Penalty Kill
SASKATOON DUCKS - 1 on 1 Attempt(s) - 100,00% - Score 0 goal in Penalty Kill

Team Stat

OKANAGAN RATTLESNAKES - Hits : 23 - Faceoff Wins : 39 - Blocked Shots : 7 - Penalty Minutes : 10
SASKATOON DUCKS - Hits : 18 - Faceoff Wins : 62 - Blocked Shots : 9 - Penalty Minutes : 2

Official

Referees : Kenny Anderson and TJ Luxmore
Linesman : Travis Gawryletz and Brian Mach

Game Notes

No Game Note

Finance

Level 1 -- Attendance: 6175 (93,56%) -- Ticket Income 864 500 $
Level 2 -- Attendance: 5450 (97,32%) -- Ticket Income 517 750 $
Level 3 -- Attendance: 2200 (100,00%) -- Ticket Income 143 000 $
Level 4 -- Attendance: 4600 (100,00%) -- Ticket Income 207 000 $
Luxury Box -- Attendance: 1000 (100,00%) -- Ticket Income 260 000 $
Total Attendance: 19425 (97,13%)
Total Ticket Income: 1 992 250 $
Other Expense: 19 922 $
Total Income: 1 972 328 $

OKANAGAN RATTLESNAKES

5 vs 5 Forward 
   Center                   Left Wing                Right Wing               Time % Phy DF OF 
 1 Jujhar Khaira            Anders Lee               T.J. Oshie               36     1   2  2  
 2 Lars Eller               Mike Hoffman             Blake Coleman            31     1   2  2  
 3 Casey Cizikas            Kevin Labanc             Stefan Noesen            23     1   2  2  
 4 Oskar Sundqvist          Pierre-Edouard Bellemare Nazem Kadri              10     1   2  2  

5 vs 5 Defense 
   Defense                  Defense                                           Time % Phy DF OF 
 1 Colton Parayko           Esa Lindell                                       36     1   2  2  
 2 Adam Clendening          Jeremy Lauzon                                     31     1   2  2  
 3 Arber Xhekaj             Jordie Benn                                       23     1   2  2  
 4 Colton Parayko           Esa Lindell                                       10     1   2  2  

PowerPlay Forward 
   Center                   Left Wing                Right Wing               Time % Phy DF OF 
 1 Oskar Sundqvist          Anders Lee               Casey Cizikas            55     1   2  2  
 2 Lars Eller               Mike Hoffman             Blake Coleman            45     1   2  2  

PowerPlay Defense
   Defense                  Defense                                           Time % Phy DF OF 
 1 Arber Xhekaj             Esa Lindell                                       55     1   2  2  
 2 Colton Parayko           Jeremy Lauzon                                     45     1   2  2  

Penalty Kill 4 Players Forward 
   Center                   Wing                     Time % Phy DF OF 
 1 Casey Cizikas            Oskar Sundqvist          55     1   2  2  
 2 Anders Lee               Lars Eller               45     1   2  2  

Penalty Kill 4 Players Defense
   Defense                  Defense                  Time % Phy DF OF 
 1 Esa Lindell              Arber Xhekaj             55     1   2  2  
 2 Colton Parayko           Jeremy Lauzon            45     1   2  2  

Penalty Kill - 3 Players Forward 
   Forward                                           Time % Phy DF OF 
 1 Anders Lee                                        55     1   2  2  
 2 Casey Cizikas                                     45     1   2  2  

Penalty Kill - 3 Players Defense
   Defense                  Defense                  Time % Phy DF OF 
 1 Esa Lindell              Jordie Benn              55     1   2  2  
 2 Arber Xhekaj             Jeremy Lauzon            45     1   2  2  

4 vs 4 Forward 
   Center                   Wing                     Time % Phy DF OF 
 1 T.J. Oshie               Casey Cizikas            55     1   2  2  
 2 Anders Lee               Lars Eller               45     1   2  2  

4 vs 4 Defense
   Defense                  Defense                  Time % Phy DF OF 
 1 Colton Parayko           Arber Xhekaj             55     1   2  2  
 2 Esa Lindell              Jeremy Lauzon            45     1   2  2  

Last Minutes Offensive
   Center                   Left Wing                Right Wing               Defense                  Defense                  
   Jujhar Khaira            Anders Lee               T.J. Oshie               Colton Parayko           Esa Lindell              

Last Minutes Defensive
   Center                   Left Wing                Right Wing               Defense                  Defense                  
   Jujhar Khaira            Anders Lee               T.J. Oshie               Colton Parayko           Esa Lindell              

Goaltenders
Starting : James Reimer             
Backup : Jack Campbell            

Extra Forwards
Normal : Anders Lee, Casey Cizikas, Oskar Sundqvist - PP : Anders Lee, Casey Cizikas - PK : Oskar Sundqvist
Extra Defensemen
Normal : Arber Xhekaj, Jordie Benn, Esa Lindell - PP : Arber Xhekaj - PK : Jordie Benn, Esa Lindell
Penalty Shots
Oskar Sundqvist, Jujhar Khaira, Anders Lee, Lars Eller, Casey Cizikas
Custom OT Lines Forwards
Jujhar Khaira, T.J. Oshie, Anders Lee, Lars Eller, Casey Cizikas, Mike Hoffman, Blake Coleman, Oskar Sundqvist, Kevin Labanc, Pierre-Edouard Bellemare
Custom OT Lines Defensemen
Colton Parayko, Jordie Benn, Esa Lindell, Jeremy Lauzon, Arber Xhekaj

Scratches
Austin Osmanski (Healthy), Colin White (Healthy), Josh Manson (Bruised Left Leg Injury), Spencer Martin (Healthy)

SASKATOON DUCKS

5 vs 5 Forward 
   Center                   Left Wing                Right Wing               Time % Phy DF OF 
 1 Sidney Crosby            Ivan Barbashev           Jake Guentzel            36     1   2  2  
 2 John Tavares             Mathieu Joseph           Ryan Strome              36     1   2  2  
 3 Nils Aman                Kasperi Kapanen          Kailer Yamamoto          23     1   2  2  
 4 Jake Guentzel            Milan Lucic              Matt Martin              5      1   2  2  

5 vs 5 Defense 
   Defense                  Defense                                           Time % Phy DF OF 
 1 Samuel Girard            Jake Sanderson                                    36     1   2  2  
 2 Ben Chiarot              Chris Tanev                                       31     1   2  2  
 3 Nikita Zaitsev           Jaycob Megna                                      23     1   2  2  
 4 Samuel Girard            Jake Sanderson                                    10     1   2  2  

PowerPlay Forward 
   Center                   Left Wing                Right Wing               Time % Phy DF OF 
 1 Sidney Crosby            John Tavares             Jake Guentzel            55     1   2  2  
 2 Ryan Strome              Mathieu Joseph           Ivan Barbashev           45     1   2  2  

PowerPlay Defense
   Defense                  Defense                                           Time % Phy DF OF 
 1 Samuel Girard            Jake Sanderson                                    55     1   2  2  
 2 Ben Chiarot              Chris Tanev                                       45     1   2  2  

Penalty Kill 4 Players Forward 
   Center                   Wing                     Time % Phy DF OF 
 1 Sidney Crosby            Mathieu Joseph           55     1   2  2  
 2 John Tavares             Kailer Yamamoto          45     1   2  2  

Penalty Kill 4 Players Defense
   Defense                  Defense                  Time % Phy DF OF 
 1 Ben Chiarot              Chris Tanev              55     1   2  2  
 2 Jaycob Megna             Nikita Zaitsev           45     1   2  2  

Penalty Kill - 3 Players Forward 
   Forward                                           Time % Phy DF OF 
 1 Sidney Crosby                                     55     1   2  2  
 2 John Tavares                                      45     1   2  2  

Penalty Kill - 3 Players Defense
   Defense                  Defense                  Time % Phy DF OF 
 1 Samuel Girard            Jake Sanderson           55     1   2  2  
 2 Ben Chiarot              Chris Tanev              45     1   2  2  

4 vs 4 Forward 
   Center                   Wing                     Time % Phy DF OF 
 1 Sidney Crosby            Jake Guentzel            55     1   2  2  
 2 John Tavares             Ivan Barbashev           45     1   2  2  

4 vs 4 Defense
   Defense                  Defense                  Time % Phy DF OF 
 1 Samuel Girard            Jake Sanderson           55     1   2  2  
 2 Ben Chiarot              Chris Tanev              45     1   2  2  

Last Minutes Offensive
   Center                   Left Wing                Right Wing               Defense                  Defense                  
   Sidney Crosby            John Tavares             Jake Guentzel            Samuel Girard            Jake Sanderson           

Last Minutes Defensive
   Center                   Left Wing                Right Wing               Defense                  Defense                  
   Sidney Crosby            John Tavares             Jake Guentzel            Samuel Girard            Jake Sanderson           

Goaltenders
Starting : Tristan Jarry            
Backup : Craig Anderson           

Extra Forwards
Normal : John Tavares, Sidney Crosby, Jake Guentzel - PP : John Tavares, Sidney Crosby - PK : Sidney Crosby
Extra Defensemen
Normal : Jake Sanderson, Samuel Girard, Ben Chiarot - PP : Chris Tanev - PK : Chris Tanev, Ben Chiarot
Penalty Shots
Sidney Crosby, John Tavares, Jake Guentzel, Ivan Barbashev, Mathieu Joseph
Custom OT Lines Forwards
Sidney Crosby, John Tavares, Jake Guentzel, Ivan Barbashev, Mathieu Joseph, Ryan Strome, Nils Aman, Kasperi Kapanen, Kailer Yamamoto, Matt Martin
Custom OT Lines Defensemen
Samuel Girard, Jake Sanderson, Ben Chiarot, Jaycob Megna, Chris Tanev

Scratches
Marian Studenic (Healthy)

% Time on Ice - OKANAGAN RATTLESNAKES

Lines # - Real PCT - Wanted PCT - Time Play
Normal Forward
1 - 35% - 36% - 17:56
2 - 31% - 31% - 15:51
3 - 23% - 23% - 11:43
4 - 11% - 10% - 5:29
Normal Defense
1 - 34% - 36% - 17:08
2 - 31% - 31% - 15:57
3 - 30% - 23% - 15:07
4 - 5% - 10% - 2:47
PP Forward
1 - 0% - 55% - 0:00
2 - 100% - 45% - 0:26
PP Defense
1 - 0% - 55% - 0:00
2 - 100% - 45% - 0:26
PK Forward
1 - 58% - 55% - 4:57
2 - 42% - 45% - 3:38
PK Defense
1 - 40% - 55% - 3:26
2 - 60% - 45% - 5:09
PK3 Forward
1 - 0% - 55%
2 - 0% - 45%
PK3 Defense
1 - 0% - 55%
2 - 0% - 45%
44 Forward
1 - 0% - 55%
2 - 0% - 45%
44 Defense
1 - 0% - 55%
2 - 0% - 45%
Last Minute Offensive  - 0:00
Last Minute Defensive  - 0:00
Total
Forward - 60:00
Defense - 60:00

% Time on Ice - SASKATOON DUCKS

Lines # - Real PCT - Wanted PCT - Time Play
Normal Forward
1 - 30% - 36% - 15:26
2 - 33% - 36% - 16:44
3 - 30% - 23% - 15:06
4 - 7% - 5% - 3:43
Normal Defense
1 - 35% - 36% - 17:45
2 - 29% - 31% - 14:49
3 - 30% - 23% - 15:21
4 - 6% - 10% - 3:04
PP Forward
1 - 58% - 55% - 5:00
2 - 42% - 45% - 3:35
PP Defense
1 - 53% - 55% - 4:34
2 - 47% - 45% - 4:01
PK Forward
1 - 100% - 55% - 0:26
2 - 0% - 45% - 0:00
PK Defense
1 - 100% - 55% - 0:26
2 - 0% - 45% - 0:00
PK3 Forward
1 - 0% - 55%
2 - 0% - 45%
PK3 Defense
1 - 0% - 55%
2 - 0% - 45%
44 Forward
1 - 0% - 55%
2 - 0% - 45%
44 Defense
1 - 0% - 55%
2 - 0% - 45%
Last Minute Offensive  - 0:00
Last Minute Defensive  - 0:00
Total
Forward - 60:00
Defense - 60:00

Play-by-Play

1st period


0:01 of 1st period - Jujhar Khaira wins face-off versus Sidney Crosby in neutral zone.
0:30 of 1st period - Shot by Jake Guentzel.
0:30 of 1st period - Shot Blocked by Esa Lindell.
0:32 of 1st period - Shot by Sidney Crosby.
0:32 of 1st period - Deflect By Ivan Barbashev.
0:32 of 1st period - Shot Misses the Net.
1:03 of 1st period - Shot by Blake Coleman.
1:03 of 1st period - Stopped by Tristan Jarry without a rebound.
1:04 of 1st period - John Tavares wins face-off versus Casey Cizikas in SASKATOON DUCKS zone.
1:31 of 1st period - Shot by Casey Cizikas.
1:31 of 1st period - Stopped by Tristan Jarry without a rebound.
1:32 of 1st period - Nils Aman wins face-off versus Lars Eller in SASKATOON DUCKS zone.
1:48 of 1st period - Off-side.
1:49 of 1st period - John Tavares wins face-off versus Oskar Sundqvist in neutral zone.
1:56 of 1st period - Shot by Ryan Strome.
1:56 of 1st period - Shot Misses the Net.
1:58 of 1st period - Shot by Chris Tanev.
1:58 of 1st period - Stopped by James Reimer without a rebound.
1:59 of 1st period - Nils Aman wins face-off versus Blake Coleman in OKANAGAN RATTLESNAKES zone.
2:36 of 1st period - Icing by Jeremy Lauzon.
2:37 of 1st period - Lars Eller wins face-off versus John Tavares in OKANAGAN RATTLESNAKES zone.
4:01 of 1st period - Icing by Esa Lindell.
4:02 of 1st period - Jujhar Khaira wins face-off versus Nils Aman in OKANAGAN RATTLESNAKES zone.
4:09 of 1st period - Shot by Anders Lee.
4:09 of 1st period - Shot Misses the Net.
4:19 of 1st period - Shot by Anders Lee.
4:19 of 1st period - Shot Blocked by Jake Sanderson.
4:21 of 1st period - Shot by Jujhar Khaira.
4:21 of 1st period - Shot Misses the Net.
4:23 of 1st period - Shot by Colton Parayko.
4:23 of 1st period - Shot Misses the Net.
4:40 of 1st period - Off-side.
4:41 of 1st period - Sidney Crosby wins face-off versus Oskar Sundqvist in neutral zone.
4:46 of 1st period - Shot by Ivan Barbashev.
4:46 of 1st period - Stopped by James Reimer without a rebound.
4:47 of 1st period - Sidney Crosby wins face-off versus Oskar Sundqvist in OKANAGAN RATTLESNAKES zone.
5:57 of 1st period - Shot by Ryan Strome.
5:57 of 1st period - Shot Misses the Net.
6:29 of 1st period - Shot by T.J. Oshie.
6:29 of 1st period - Stopped by Tristan Jarry without a rebound.
6:30 of 1st period - Lars Eller wins face-off versus Kailer Yamamoto in SASKATOON DUCKS zone.
6:31 of 1st period - Shot by Blake Coleman.
6:31 of 1st period - Stopped by Tristan Jarry with a rebound.
6:56 of 1st period - Shot by Kasperi Kapanen.
6:56 of 1st period - Stopped by James Reimer with a rebound.
6:58 of 1st period - Shot by Kasperi Kapanen.
6:58 of 1st period - Stopped by James Reimer without a rebound.
6:59 of 1st period - Anders Lee wins face-off versus Sidney Crosby in OKANAGAN RATTLESNAKES zone.
7:33 of 1st period - Shot by T.J. Oshie.
7:33 of 1st period - Stopped by Tristan Jarry without a rebound.
7:34 of 1st period - Casey Cizikas wins face-off versus John Tavares in SASKATOON DUCKS zone.
7:37 of 1st period - Shot by Kevin Labanc.
7:37 of 1st period - Stopped by Tristan Jarry without a rebound.
7:38 of 1st period - John Tavares wins face-off versus Casey Cizikas in SASKATOON DUCKS zone.
7:42 of 1st period - Off-side.
7:43 of 1st period - Casey Cizikas wins face-off versus John Tavares in neutral zone.
7:54 of 1st period - Shot by Kevin Labanc.
7:54 of 1st period - Stopped by Tristan Jarry without a rebound.
7:55 of 1st period - Sidney Crosby wins face-off versus Lars Eller in SASKATOON DUCKS zone.
8:32 of 1st period - Jeremy Lauzon is hit by Ivan Barbashev and loses puck.
9:14 of 1st period - Shot by T.J. Oshie.
9:14 of 1st period - Stopped by Tristan Jarry without a rebound.
9:15 of 1st period - Nils Aman wins face-off versus Stefan Noesen in SASKATOON DUCKS zone.
9:15 of 1st period - Kailer Yamamoto is hit by Casey Cizikas and loses puck.
9:20 of 1st period - Shot by Kevin Labanc.
9:20 of 1st period - Shot Misses the Net.
9:22 of 1st period - Shot by Arber Xhekaj.
9:22 of 1st period - Shot Misses the Net.
9:24 of 1st period - Shot by Arber Xhekaj.
9:24 of 1st period - Stopped by Tristan Jarry with a rebound.
9:26 of 1st period - Shot by Casey Cizikas.
9:26 of 1st period - Stopped by Tristan Jarry with a rebound.
9:28 of 1st period - Shot by Casey Cizikas.
9:28 of 1st period - Deflect By Kevin Labanc.
9:28 of 1st period - Stopped by Tristan Jarry with a rebound.
9:32 of 1st period - Shot by Casey Cizikas.
9:32 of 1st period - Stopped by Tristan Jarry without a rebound.
9:33 of 1st period - Anders Lee wins face-off versus John Tavares in SASKATOON DUCKS zone.
9:56 of 1st period - Shot by Ryan Strome.
9:56 of 1st period - Stopped by James Reimer without a rebound.
9:57 of 1st period - Casey Cizikas wins face-off versus Sidney Crosby in OKANAGAN RATTLESNAKES zone.
10:16 of 1st period - Icing by Kevin Labanc.
10:17 of 1st period - John Tavares wins face-off versus Casey Cizikas in OKANAGAN RATTLESNAKES zone.
10:47 of 1st period - Icing by Stefan Noesen.
10:48 of 1st period - Nils Aman wins face-off versus Casey Cizikas in OKANAGAN RATTLESNAKES zone.
10:48 of 1st period - Nils Aman is hit by Arber Xhekaj.
11:14 of 1st period - Nils Aman is hit by Colton Parayko and loses puck.
11:17 of 1st period - Shot by Kailer Yamamoto.
11:17 of 1st period - Stopped by James Reimer with a rebound.
11:19 of 1st period - Shot by Nils Aman.
11:19 of 1st period - Shot Misses the Net.
11:21 of 1st period - Shot by Jaycob Megna.
11:21 of 1st period - Shot Misses the Net.
11:23 of 1st period - Shot by Kasperi Kapanen.
11:23 of 1st period - Shot Misses the Net.
11:36 of 1st period - Icing by Esa Lindell.
11:37 of 1st period - Sidney Crosby wins face-off versus Jujhar Khaira in OKANAGAN RATTLESNAKES zone.
11:37 of 1st period - Sidney Crosby is hit by Colton Parayko.
12:13 of 1st period - Shot by Blake Coleman.
12:13 of 1st period - Stopped by Tristan Jarry with a rebound.
12:15 of 1st period - Shot by Blake Coleman.
12:15 of 1st period - Stopped by Tristan Jarry without a rebound.
12:16 of 1st period - Ryan Strome wins face-off versus Oskar Sundqvist in SASKATOON DUCKS zone.
12:16 of 1st period - Ryan Strome is hit by Oskar Sundqvist.
12:39 of 1st period - Shot by John Tavares.
12:39 of 1st period - Deflect By Mathieu Joseph.
12:39 of 1st period - Stopped by James Reimer without a rebound.
12:40 of 1st period - Lars Eller wins face-off versus Nils Aman in OKANAGAN RATTLESNAKES zone.
12:45 of 1st period - Minor Penalty to Arber Xhekaj for Holding.
12:46 of 1st period - Sidney Crosby wins face-off versus Casey Cizikas in OKANAGAN RATTLESNAKES zone.
13:25 of 1st period - Shot by John Tavares.
13:25 of 1st period - Stopped by James Reimer without a rebound.
13:26 of 1st period - Casey Cizikas wins face-off versus Ryan Strome in OKANAGAN RATTLESNAKES zone.
14:04 of 1st period - Ivan Barbashev is hit by Jeremy Lauzon and loses puck.
14:11 of 1st period - Shot by Ryan Strome.
14:11 of 1st period - Shot Blocked by Jeremy Lauzon.
14:57 of 1st period - Shot by Kailer Yamamoto.
14:57 of 1st period - Deflect By Kasperi Kapanen.
14:57 of 1st period - Stopped by James Reimer with a rebound.
15:21 of 1st period - Kailer Yamamoto is hit by Arber Xhekaj and loses puck.
15:32 of 1st period - Nils Aman is hit by Jujhar Khaira.
15:48 of 1st period - Icing by Jaycob Megna.
15:49 of 1st period - Lars Eller wins face-off versus Nils Aman in SASKATOON DUCKS zone.
16:31 of 1st period - Samuel Girard is hit by Blake Coleman and loses puck.
16:49 of 1st period - Stefan Noesen is hit by Mathieu Joseph and loses puck.
16:57 of 1st period - Jeremy Lauzon is hit by Jake Sanderson.
17:45 of 1st period - Icing by Esa Lindell.
17:46 of 1st period - Oskar Sundqvist wins face-off versus Jake Guentzel in OKANAGAN RATTLESNAKES zone.
18:33 of 1st period - Shot by T.J. Oshie.
18:33 of 1st period - Stopped by Tristan Jarry with a rebound.
18:43 of 1st period - Shot by Anders Lee.
18:43 of 1st period - Shot Misses the Net.
18:45 of 1st period - Shot by T.J. Oshie.
18:45 of 1st period - Shot Blocked by Ben Chiarot.
19:08 of 1st period - Icing by Jeremy Lauzon.
19:09 of 1st period - Lars Eller wins face-off versus Nils Aman in OKANAGAN RATTLESNAKES zone.
19:09 of 1st period - Lars Eller is hit by Kasperi Kapanen.
19:15 of 1st period - Nikita Zaitsev is hit by Lars Eller and loses puck.
19:19 of 1st period - Icing by Jaycob Megna.
19:20 of 1st period - Casey Cizikas wins face-off versus Nils Aman in SASKATOON DUCKS zone.
19:39 of 1st period - Off-side.
19:40 of 1st period - John Tavares wins face-off versus Lars Eller in neutral zone.
Goals for this period are 0 for OKANAGAN RATTLESNAKES vs 0 for SASKATOON DUCKS.
Shots for this period are 15 for OKANAGAN RATTLESNAKES vs 9 for SASKATOON DUCKS.

2nd period


0:01 of 2nd period - Sidney Crosby wins face-off versus Anders Lee in neutral zone.
0:12 of 2nd period - Shot by Ivan Barbashev.
0:12 of 2nd period - Shot Misses the Net.
0:14 of 2nd period - Shot by Sidney Crosby.
0:14 of 2nd period - Shot Blocked by Esa Lindell.
0:16 of 2nd period - Shot by Jake Sanderson.
0:16 of 2nd period - Shot Misses the Net.
0:30 of 2nd period - Shot by Jake Guentzel.
0:30 of 2nd period - Goal by Jake Guentzel - OKANAGAN RATTLESNAKES : 0 - SASKATOON DUCKS : 1.
0:31 of 2nd period - John Tavares wins face-off versus Lars Eller in neutral zone.
0:38 of 2nd period - Shot by Mathieu Joseph.
0:38 of 2nd period - Deflect By John Tavares.
0:38 of 2nd period - Stopped by James Reimer without a rebound.
0:39 of 2nd period - Lars Eller wins face-off versus Mathieu Joseph in OKANAGAN RATTLESNAKES zone.
0:39 of 2nd period - Lars Eller is hit by John Tavares.
0:42 of 2nd period - Icing by Blake Coleman.
0:43 of 2nd period - Sidney Crosby wins face-off versus Lars Eller in OKANAGAN RATTLESNAKES zone.
0:44 of 2nd period - Shot by Jake Guentzel.
0:44 of 2nd period - Stopped by James Reimer without a rebound.
0:45 of 2nd period - Sidney Crosby wins face-off versus Mike Hoffman in OKANAGAN RATTLESNAKES zone.
0:58 of 2nd period - Shot by Jake Guentzel.
0:58 of 2nd period - Deflect By Ivan Barbashev.
0:58 of 2nd period - Stopped by James Reimer with a rebound.
1:08 of 2nd period - Blake Coleman is hit by Sidney Crosby and loses puck.
1:31 of 2nd period - Shot by Jake Guentzel.
1:31 of 2nd period - Stopped by James Reimer with a rebound.
1:33 of 2nd period - Shot by Ivan Barbashev.
1:33 of 2nd period - Stopped by James Reimer without a rebound.
1:34 of 2nd period - Jujhar Khaira wins face-off versus John Tavares in OKANAGAN RATTLESNAKES zone.
1:34 of 2nd period - Jujhar Khaira is hit by Ryan Strome.
1:54 of 2nd period - Shot by Mathieu Joseph.
1:54 of 2nd period - Shot Blocked by Jeremy Lauzon.
2:01 of 2nd period - Minor Penalty to Jeremy Lauzon for Tripping.
2:02 of 2nd period - Casey Cizikas wins face-off versus Sidney Crosby in OKANAGAN RATTLESNAKES zone.
2:07 of 2nd period - Sidney Crosby is hit by Casey Cizikas and loses puck.
2:56 of 2nd period - Shot by Ivan Barbashev.
2:56 of 2nd period - Stopped by James Reimer without a rebound.
2:57 of 2nd period - Ryan Strome wins face-off versus Anders Lee in OKANAGAN RATTLESNAKES zone.
3:25 of 2nd period - Shot by Mathieu Joseph.
3:25 of 2nd period - Stopped by James Reimer without a rebound.
3:26 of 2nd period - Sidney Crosby wins face-off versus Casey Cizikas in OKANAGAN RATTLESNAKES zone.
4:08 of 2nd period - Shot by Kasperi Kapanen.
4:08 of 2nd period - Shot Blocked by Jeremy Lauzon.
4:10 of 2nd period - Shot by Kailer Yamamoto.
4:10 of 2nd period - Stopped by James Reimer without a rebound.
4:11 of 2nd period - Nils Aman wins face-off versus Lars Eller in OKANAGAN RATTLESNAKES zone.
4:24 of 2nd period - Icing by Jeremy Lauzon.
4:25 of 2nd period - Jake Guentzel wins face-off versus Lars Eller in OKANAGAN RATTLESNAKES zone.
4:55 of 2nd period - Icing by Jake Guentzel.
4:56 of 2nd period - Jujhar Khaira wins face-off versus Jake Guentzel in SASKATOON DUCKS zone.
5:04 of 2nd period - Shot by T.J. Oshie.
5:04 of 2nd period - Shot Blocked by Jake Guentzel.
6:05 of 2nd period - Shot by Casey Cizikas.
6:05 of 2nd period - Stopped by Tristan Jarry without a rebound.
6:06 of 2nd period - Lars Eller wins face-off versus Nils Aman in SASKATOON DUCKS zone.
6:31 of 2nd period - Shot by Kasperi Kapanen.
6:31 of 2nd period - Stopped by James Reimer without a rebound.
6:32 of 2nd period - Ryan Strome wins face-off versus Casey Cizikas in OKANAGAN RATTLESNAKES zone.
6:53 of 2nd period - Shot by John Tavares.
6:53 of 2nd period - Shot Misses the Net.
7:05 of 2nd period - Shot by John Tavares.
7:05 of 2nd period - Stopped by James Reimer without a rebound.
7:06 of 2nd period - Nils Aman wins face-off versus Jujhar Khaira in OKANAGAN RATTLESNAKES zone.
7:07 of 2nd period - Shot by Kasperi Kapanen.
7:07 of 2nd period - Shot Misses the Net.
7:15 of 2nd period - Shot by T.J. Oshie.
7:15 of 2nd period - Stopped by Tristan Jarry without a rebound.
7:16 of 2nd period - Sidney Crosby wins face-off versus Lars Eller in SASKATOON DUCKS zone.
7:16 of 2nd period - Sidney Crosby is hit by Blake Coleman.
7:37 of 2nd period - Ben Chiarot is hit by Jordie Benn and loses puck.
7:51 of 2nd period - Minor Penalty to Jordie Benn for Goalie Interference.
7:52 of 2nd period - Ryan Strome wins face-off versus Casey Cizikas in OKANAGAN RATTLESNAKES zone.
7:55 of 2nd period - Shot by Jake Sanderson.
7:55 of 2nd period - Stopped by James Reimer without a rebound.
7:56 of 2nd period - Ryan Strome wins face-off versus Casey Cizikas in OKANAGAN RATTLESNAKES zone.
8:13 of 2nd period - Shot by Jake Sanderson.
8:13 of 2nd period - Stopped by James Reimer with a rebound.
8:15 of 2nd period - Shot by Samuel Girard.
8:15 of 2nd period - Shot Blocked by Esa Lindell.
8:17 of 2nd period - Shot by Mathieu Joseph.
8:17 of 2nd period - Shot Blocked by Esa Lindell.
9:07 of 2nd period - Colton Parayko is hit by Sidney Crosby and loses puck.
9:29 of 2nd period - Shot by John Tavares.
9:29 of 2nd period - Shot Misses the Net.
9:56 of 2nd period - T.J. Oshie is hit by Nikita Zaitsev and loses puck.
10:10 of 2nd period - T.J. Oshie is hit by Jaycob Megna.
10:36 of 2nd period - Stefan Noesen is hit by Nikita Zaitsev and loses puck.
10:51 of 2nd period - Shot by Kevin Labanc.
10:51 of 2nd period - Stopped by Tristan Jarry with a rebound.
11:00 of 2nd period - Icing by Jaycob Megna.
11:01 of 2nd period - Nils Aman wins face-off versus Lars Eller in SASKATOON DUCKS zone.
11:12 of 2nd period - Shot by Mike Hoffman.
11:12 of 2nd period - Shot Misses the Net.
11:14 of 2nd period - Shot by Lars Eller.
11:14 of 2nd period - Shot Blocked by Jaycob Megna.
11:16 of 2nd period - Shot by Colton Parayko.
11:16 of 2nd period - Shot Misses the Net.
11:18 of 2nd period - Shot by Blake Coleman.
11:18 of 2nd period - Shot Misses the Net.
11:27 of 2nd period - Lars Eller is hit by Nikita Zaitsev and loses puck.
11:46 of 2nd period - Icing by Colton Parayko.
11:47 of 2nd period - Lars Eller wins face-off versus Sidney Crosby in OKANAGAN RATTLESNAKES zone.
11:47 of 2nd period - Lars Eller is hit by Ivan Barbashev.
11:50 of 2nd period - Icing by Colton Parayko.
11:51 of 2nd period - Lars Eller wins face-off versus Sidney Crosby in OKANAGAN RATTLESNAKES zone.
12:30 of 2nd period - Icing by Jujhar Khaira.
12:31 of 2nd period - John Tavares wins face-off versus Jujhar Khaira in OKANAGAN RATTLESNAKES zone.
12:31 of 2nd period - John Tavares is hit by Arber Xhekaj.
12:39 of 2nd period - Shot by Mathieu Joseph.
12:39 of 2nd period - Stopped by James Reimer without a rebound.
12:39 of 2nd period - Minor Penalty to Arber Xhekaj for Holding.
12:40 of 2nd period - Ryan Strome wins face-off versus Casey Cizikas in OKANAGAN RATTLESNAKES zone.
14:13 of 2nd period - Shot by John Tavares.
14:13 of 2nd period - Stopped by James Reimer without a rebound.
14:14 of 2nd period - Casey Cizikas wins face-off versus Ryan Strome in OKANAGAN RATTLESNAKES zone.
14:25 of 2nd period - Shot by Ivan Barbashev.
14:25 of 2nd period - Stopped by James Reimer without a rebound.
14:26 of 2nd period - Casey Cizikas wins face-off versus Sidney Crosby in OKANAGAN RATTLESNAKES zone.
14:46 of 2nd period - Anders Lee is hit by Kailer Yamamoto and loses puck.
14:50 of 2nd period - Anders Lee is hit by Jaycob Megna and loses puck.
14:55 of 2nd period - Shot by T.J. Oshie.
14:55 of 2nd period - Goal by T.J. Oshie - OKANAGAN RATTLESNAKES : 1 - SASKATOON DUCKS : 1.
14:56 of 2nd period - John Tavares wins face-off versus Casey Cizikas in neutral zone.
14:59 of 2nd period - Shot by John Tavares.
14:59 of 2nd period - Stopped by James Reimer without a rebound.
15:00 of 2nd period - Oskar Sundqvist wins face-off versus Sidney Crosby in OKANAGAN RATTLESNAKES zone.
15:08 of 2nd period - Off-side.
15:09 of 2nd period - Sidney Crosby wins face-off versus Stefan Noesen in neutral zone.
15:45 of 2nd period - Shot by Stefan Noesen.
15:45 of 2nd period - Stopped by Tristan Jarry without a rebound.
15:46 of 2nd period - John Tavares wins face-off versus Jujhar Khaira in SASKATOON DUCKS zone.
15:59 of 2nd period - Shot by John Tavares.
15:59 of 2nd period - Stopped by James Reimer without a rebound.
16:00 of 2nd period - Lars Eller wins face-off versus Nils Aman in OKANAGAN RATTLESNAKES zone.
16:05 of 2nd period - Shot by Blake Coleman.
16:05 of 2nd period - Shot Misses the Net.
16:12 of 2nd period - Off-side.
16:13 of 2nd period - John Tavares wins face-off versus Jujhar Khaira in neutral zone.
16:24 of 2nd period - Shot by Anders Lee.
16:24 of 2nd period - Stopped by Tristan Jarry without a rebound.
16:25 of 2nd period - Sidney Crosby wins face-off versus Casey Cizikas in SASKATOON DUCKS zone.
16:25 of 2nd period - Sidney Crosby is hit by Casey Cizikas.
16:54 of 2nd period - Shot by Jake Guentzel.
16:54 of 2nd period - Stopped by James Reimer with a rebound.
16:56 of 2nd period - Shot by Ben Chiarot.
16:56 of 2nd period - Stopped by James Reimer without a rebound.
16:57 of 2nd period - John Tavares wins face-off versus Jujhar Khaira in OKANAGAN RATTLESNAKES zone.
17:02 of 2nd period - Shot by Mathieu Joseph.
17:02 of 2nd period - Stopped by James Reimer without a rebound.
17:03 of 2nd period - John Tavares wins face-off versus Jujhar Khaira in OKANAGAN RATTLESNAKES zone.
17:07 of 2nd period - Icing by Colton Parayko.
17:08 of 2nd period - John Tavares wins face-off versus Jujhar Khaira in OKANAGAN RATTLESNAKES zone.
17:23 of 2nd period - Shot by Mathieu Joseph.
17:23 of 2nd period - Deflect By John Tavares.
17:23 of 2nd period - Stopped by James Reimer without a rebound.
17:24 of 2nd period - Sidney Crosby wins face-off versus Lars Eller in OKANAGAN RATTLESNAKES zone.
17:54 of 2nd period - Lars Eller is hit by Ben Chiarot and loses puck.
17:57 of 2nd period - Shot by Jeremy Lauzon.
17:57 of 2nd period - Stopped by Tristan Jarry without a rebound.
17:58 of 2nd period - John Tavares wins face-off versus T.J. Oshie in SASKATOON DUCKS zone.
18:10 of 2nd period - Icing by Colton Parayko.
18:11 of 2nd period - T.J. Oshie wins face-off versus Nils Aman in OKANAGAN RATTLESNAKES zone.
19:01 of 2nd period - Kailer Yamamoto is hit by Jujhar Khaira and loses puck.
19:24 of 2nd period - Shot by Stefan Noesen.
19:24 of 2nd period - Deflect By Kevin Labanc.
19:24 of 2nd period - Stopped by Tristan Jarry with a rebound.
19:29 of 2nd period - Icing by Kailer Yamamoto.
19:30 of 2nd period - Nils Aman wins face-off versus Lars Eller in SASKATOON DUCKS zone.
Goals for this period are 1 for OKANAGAN RATTLESNAKES vs 1 for SASKATOON DUCKS.
Shots for this period are 8 for OKANAGAN RATTLESNAKES vs 22 for SASKATOON DUCKS.

3rd period


0:01 of 3rd period - John Tavares wins face-off versus Jujhar Khaira in neutral zone.
0:01 of 3rd period - Jake Sanderson is hit by Anders Lee and loses puck.
0:06 of 3rd period - Shot by T.J. Oshie.
0:06 of 3rd period - Stopped by Tristan Jarry without a rebound.
0:07 of 3rd period - John Tavares wins face-off versus Jujhar Khaira in SASKATOON DUCKS zone.
0:30 of 3rd period - Shot by Mathieu Joseph.
0:30 of 3rd period - Stopped by James Reimer with a rebound.
0:46 of 3rd period - Shot by John Tavares.
0:46 of 3rd period - Shot Misses the Net.
0:53 of 3rd period - Shot by John Tavares.
0:53 of 3rd period - Stopped by James Reimer without a rebound.
0:54 of 3rd period - Sidney Crosby wins face-off versus Casey Cizikas in OKANAGAN RATTLESNAKES zone.
1:09 of 3rd period - Jake Guentzel is hit by Casey Cizikas and loses puck.
2:09 of 3rd period - Shot by Blake Coleman.
2:09 of 3rd period - Shot Misses the Net.
2:11 of 3rd period - Shot by Arber Xhekaj.
2:11 of 3rd period - Shot Misses the Net.
2:40 of 3rd period - Icing by Nazem Kadri.
2:41 of 3rd period - John Tavares wins face-off versus Oskar Sundqvist in OKANAGAN RATTLESNAKES zone.
2:48 of 3rd period - Shot by Mathieu Joseph.
2:48 of 3rd period - Goal by Mathieu Joseph - OKANAGAN RATTLESNAKES : 1 - SASKATOON DUCKS : 2.
2:49 of 3rd period - Jujhar Khaira wins face-off versus Mathieu Joseph in neutral zone.
3:54 of 3rd period - Off-side.
3:55 of 3rd period - Sidney Crosby wins face-off versus Lars Eller in neutral zone.
4:00 of 3rd period - Shot by Ivan Barbashev.
4:00 of 3rd period - Stopped by James Reimer without a rebound.
4:01 of 3rd period - Sidney Crosby wins face-off versus Blake Coleman in OKANAGAN RATTLESNAKES zone.
4:12 of 3rd period - Shot by Ivan Barbashev.
4:12 of 3rd period - Stopped by James Reimer with a rebound.
4:30 of 3rd period - Shot by Blake Coleman.
4:30 of 3rd period - Shot Blocked by Chris Tanev.
4:42 of 3rd period - Shot by Blake Coleman.
4:42 of 3rd period - Shot Misses the Net.
4:44 of 3rd period - Shot by Esa Lindell.
4:44 of 3rd period - Stopped by Tristan Jarry without a rebound.
4:45 of 3rd period - John Tavares wins face-off versus Casey Cizikas in SASKATOON DUCKS zone.
4:45 of 3rd period - John Tavares is hit by Casey Cizikas.
4:55 of 3rd period - Shot by Ryan Strome.
4:55 of 3rd period - Stopped by James Reimer without a rebound.
4:56 of 3rd period - John Tavares wins face-off versus Oskar Sundqvist in OKANAGAN RATTLESNAKES zone.
6:07 of 3rd period - Minor Penalty to Arber Xhekaj for Diving.
6:08 of 3rd period - Anders Lee wins face-off versus Sidney Crosby in OKANAGAN RATTLESNAKES zone.
6:15 of 3rd period - Icing by John Tavares.
6:16 of 3rd period - Sidney Crosby wins face-off versus Anders Lee in SASKATOON DUCKS zone.
6:18 of 3rd period - Icing by John Tavares.
6:19 of 3rd period - Jake Guentzel wins face-off versus Anders Lee in SASKATOON DUCKS zone.
6:46 of 3rd period - Shot by Sidney Crosby.
6:46 of 3rd period - Goal by Sidney Crosby - OKANAGAN RATTLESNAKES : 1 - SASKATOON DUCKS : 3.
6:47 of 3rd period - Jujhar Khaira wins face-off versus Nils Aman in neutral zone.
7:05 of 3rd period - Jake Sanderson is hit by T.J. Oshie and loses puck.
7:15 of 3rd period - Icing by Jake Sanderson.
7:16 of 3rd period - Casey Cizikas wins face-off versus Nils Aman in SASKATOON DUCKS zone.
7:19 of 3rd period - Shot by Stefan Noesen.
7:19 of 3rd period - Stopped by Tristan Jarry with a rebound.
7:40 of 3rd period - Shot by Casey Cizikas.
7:40 of 3rd period - Shot Misses the Net.
7:43 of 3rd period - Icing by Samuel Girard.
7:44 of 3rd period - Lars Eller wins face-off versus Kasperi Kapanen in SASKATOON DUCKS zone.
8:01 of 3rd period - Shot by Mike Hoffman.
8:01 of 3rd period - Shot Blocked by Jake Sanderson.
8:11 of 3rd period - Shot by Lars Eller.
8:11 of 3rd period - Stopped by Tristan Jarry without a rebound.
8:12 of 3rd period - Sidney Crosby wins face-off versus Jujhar Khaira in SASKATOON DUCKS zone.
8:21 of 3rd period - Shot by Sidney Crosby.
8:21 of 3rd period - Shot Hit the Post.
8:24 of 3rd period - Icing by Colton Parayko.
8:25 of 3rd period - John Tavares wins face-off versus Jujhar Khaira in OKANAGAN RATTLESNAKES zone.
8:58 of 3rd period - Shot by Anders Lee.
8:58 of 3rd period - Shot Misses the Net.
9:23 of 3rd period - Shot by Stefan Noesen.
9:23 of 3rd period - Shot Misses the Net.
10:37 of 3rd period - Shot by Sidney Crosby.
10:37 of 3rd period - Stopped by James Reimer without a rebound.
10:38 of 3rd period - Lars Eller wins face-off versus Nils Aman in OKANAGAN RATTLESNAKES zone.
10:45 of 3rd period - Shot by Mike Hoffman.
10:45 of 3rd period - Deflect By Blake Coleman.
10:45 of 3rd period - Shot Blocked by Ben Chiarot.
10:53 of 3rd period - Shot by Kasperi Kapanen.
10:53 of 3rd period - Stopped by James Reimer without a rebound.
10:54 of 3rd period - Jake Guentzel wins face-off versus Jujhar Khaira in OKANAGAN RATTLESNAKES zone.
11:14 of 3rd period - Icing by Jordie Benn.
11:15 of 3rd period - Jujhar Khaira wins face-off versus Nils Aman in OKANAGAN RATTLESNAKES zone.
11:17 of 3rd period - Icing by Anders Lee.
11:18 of 3rd period - Jujhar Khaira wins face-off versus Kailer Yamamoto in OKANAGAN RATTLESNAKES zone.
12:00 of 3rd period - Shot by Kasperi Kapanen.
12:00 of 3rd period - Deflect By Kailer Yamamoto.
12:00 of 3rd period - Shot Misses the Net.
12:56 of 3rd period - Shot by Mike Hoffman.
12:56 of 3rd period - Shot Blocked by Sidney Crosby.
12:58 of 3rd period - Shot by Esa Lindell.
12:58 of 3rd period - Shot Misses the Net.
13:00 of 3rd period - Shot by Lars Eller.
13:00 of 3rd period - Stopped by Tristan Jarry without a rebound.
13:01 of 3rd period - Casey Cizikas wins face-off versus John Tavares in SASKATOON DUCKS zone.
13:04 of 3rd period - Shot by Kevin Labanc.
13:04 of 3rd period - Stopped by Tristan Jarry without a rebound.
13:05 of 3rd period - Casey Cizikas wins face-off versus John Tavares in SASKATOON DUCKS zone.
13:10 of 3rd period - Shot by Casey Cizikas.
13:10 of 3rd period - Shot Misses the Net.
13:33 of 3rd period - Shot by Kevin Labanc.
13:33 of 3rd period - Stopped by Tristan Jarry without a rebound.
13:34 of 3rd period - Nils Aman wins face-off versus Oskar Sundqvist in SASKATOON DUCKS zone.
13:34 of 3rd period - Nils Aman is hit by Oskar Sundqvist.
13:56 of 3rd period - Shot by Kasperi Kapanen.
13:56 of 3rd period - Deflect By Kailer Yamamoto.
13:56 of 3rd period - Stopped by James Reimer without a rebound.
13:57 of 3rd period - Sidney Crosby wins face-off versus Lars Eller in OKANAGAN RATTLESNAKES zone.
13:57 of 3rd period - Sidney Crosby is hit by Arber Xhekaj.
14:03 of 3rd period - Shot by Ivan Barbashev.
14:03 of 3rd period - Shot Misses the Net.
14:35 of 3rd period - Shot by Blake Coleman.
14:35 of 3rd period - Deflect By Mike Hoffman.
14:35 of 3rd period - Shot Misses the Net.
14:37 of 3rd period - Shot by Blake Coleman.
14:37 of 3rd period - Shot Blocked by Jake Sanderson.
16:20 of 3rd period - Icing by Ben Chiarot.
16:21 of 3rd period - John Tavares wins face-off versus Lars Eller in SASKATOON DUCKS zone.
16:42 of 3rd period - Off-side.
16:43 of 3rd period - Sidney Crosby wins face-off versus Oskar Sundqvist in neutral zone.
17:07 of 3rd period - Shot by Sidney Crosby.
17:07 of 3rd period - Shot Misses the Net.
17:09 of 3rd period - Shot by Jake Sanderson.
17:09 of 3rd period - Deflect By Jake Guentzel.
17:09 of 3rd period - Stopped by James Reimer without a rebound.
17:10 of 3rd period - Lars Eller wins face-off versus Nils Aman in OKANAGAN RATTLESNAKES zone.
17:10 of 3rd period - Lars Eller is hit by Kailer Yamamoto.
17:16 of 3rd period - Shot by Mike Hoffman.
17:16 of 3rd period - Shot Misses the Net.
17:18 of 3rd period - Shot by Mike Hoffman.
17:18 of 3rd period - Shot Misses the Net.
17:29 of 3rd period - Shot by Lars Eller.
17:29 of 3rd period - Stopped by Tristan Jarry with a rebound.
17:31 of 3rd period - Shot by Jeremy Lauzon.
17:31 of 3rd period - Stopped by Tristan Jarry without a rebound.
17:32 of 3rd period - Sidney Crosby wins face-off versus Jujhar Khaira in SASKATOON DUCKS zone.
17:47 of 3rd period - Shot by Sidney Crosby.
17:47 of 3rd period - Shot Misses the Net.
17:49 of 3rd period - Shot by Jake Guentzel.
17:49 of 3rd period - Stopped by James Reimer without a rebound.
17:50 of 3rd period - John Tavares wins face-off versus Lars Eller in OKANAGAN RATTLESNAKES zone.
18:54 of 3rd period - Sidney Crosby is hit by Jeremy Lauzon and loses puck.
19:01 of 3rd period - Shot by Jake Guentzel.
19:01 of 3rd period - Stopped by James Reimer without a rebound.
19:02 of 3rd period - Casey Cizikas wins face-off versus Kailer Yamamoto in OKANAGAN RATTLESNAKES zone.
19:11 of 3rd period - Shot by Casey Cizikas.
19:11 of 3rd period - Deflect By Kevin Labanc.
19:11 of 3rd period - Shot Misses the Net.
19:28 of 3rd period - Stefan Noesen is hit by Kasperi Kapanen and loses puck.
19:33 of 3rd period - Minor Penalty to Kailer Yamamoto for Hooking.
19:34 of 3rd period - Sidney Crosby wins face-off versus Lars Eller in SASKATOON DUCKS zone.
Goals for this period are 0 for OKANAGAN RATTLESNAKES vs 2 for SASKATOON DUCKS.
Shots for this period are 9 for OKANAGAN RATTLESNAKES vs 13 for SASKATOON DUCKS.


BLAKE
WHEELER
STEVEN
STAMKOS
DREW
DOUGHTY

EAST COAST

HOCKEY LEAGUE

  • 63.RHI2PIT5
  • 64.WOR4ATL3
  • 65.QUECHW
  • 66.CHATRV